 Dungeon Crawl Stone Soup version 0.16-a0-3134-g9b1347a (webtiles) character file.

268 Grim the Vexing (level 6, -3/28 HPs)
             Began as a Spriggan Enchanter on Dec 14, 2014.
             Was a Follower of Fedhas.
             Shot with a stone by a goblin (8 damage)
             ... led by Robin
             ... on level 4 of the Dungeon.
             The game lasted 00:18:29 (5852 turns).

Grim the Vexing (Spriggan Enchanter)                Turns: 5852, Time: 00:18:29

Health: -3/28      AC:  4    Str:  4    XL:     6   Next: 1%
Magic:  17/17      EV: 21    Int: 18    God:    Fedhas [*.....]
Gold:   120        SH:  0    Dex: 17    Spells: 2 memorised, 6 levels left

rFire  . . .     SeeInvis +     a - +1 dagger
rCold  . . .     Clarity  .     b - +1 robe
rNeg   . . .     SustAb   .     (shield restricted)
rPois  .         Gourm    .     (helmet restricted)
rElec  .         Spirit   .     e - +0 cloak
rCorr  .         Warding  .     (gloves unavailable)
rMut   .         Stasis   .     (boots unavailable)
MR     +....                    (no amulet)
Stlth  +++.......               (no ring)
                                m - +1 ring of evasion

@: very quick, somewhat resistant to hostile enchantments, fairly stealthy
A: unfitting armour, see invisible, herbivore 3, speed 3, slow metabolism 2
a: Evolution, Renounce Religion


You were on level 4 of the Dungeon.
You worshipped Fedhas.
Fedhas was aware of your devotion.
You were not hungry.

You visited 1 branch of the dungeon, and saw 4 of its levels.

You collected 120 gold pieces.

Inventory:

Hand weapons
 a - a +1 dagger (weapon)
Armour
 b - a +1 robe (worn)
 e - a +0 cloak (worn)
Jewellery
 m - a +1 ring of evasion (left hand)
Scrolls
 f - a scroll of enchant armour
 h - a scroll of noise {unknown}
 i - 4 scrolls of teleportation {unknown}
 j - 2 scrolls of random uselessness {unknown}
 l - 3 scrolls of remove curse {unknown}
 t - a scroll of fear {unknown}
Potions
 g - a potion of beneficial mutation {unknown}
 k - a potion of mutation {!q}
 n - a potion of ambrosia
 o - a potion of brilliance
 p - a potion of magic
 q - 2 potions of curing
 r - a potion of haste
 s - a potion of flight
 u - a potion of degeneration {!q}
Books
 c - a book of Maledictions

   Spells                             Type                      Level
   a - Corona                         Hexes                        1
   b - Sure Blade                     Hexes/Charms                 2
   c - Ensorcelled Hibernation        Hexes/Ice                    2
   d - Confuse                        Hexes                        3
   e - Dazzling Spray                 Conjuration/Hexes            3
   f - Enslavement                    Hexes                        4
Comestibles
 d - a bread ration


   Skills:
 - Level 4.0 Short Blades
 - Level 4.7 Dodging
 - Level 4.4 Stealth
 - Level 2.6 Spellcasting
 + Level 6.0 Hexes


You had 6 spell levels left.
You knew the following spells:

 Your Spells              Type           Power        Failure   Level  Hunger
a - Corona                Hex            ###....      1%          1    #......
b - Confuse               Hex            ###.....     4%          3    ###....


Dungeon Overview and Level Annotations

Branches:
Dungeon (4/15)
 Temple: D:4-7

Altars:
Fedhas
Sif Muna

Annotations:
D:4 Dowan, Duvessa, Grinder, Robin


Innate Abilities, Weirdness & Mutations

You are tiny and cannot use many weapons and most armour.
You have supernaturally acute eyesight.
You are a herbivore.
You cover ground extremely quickly.
You need consume almost no food.


Message History

The jackal bites you but does no damage.
Robin throws the goblin at you! Grinder hits you!
You writhe in agony.
* * * LOW HITPOINT WARNING * * *
The goblin hits you with a dagger.
* * * LOW HITPOINT WARNING * * *
The jackal closely misses you. Robin throws the goblin at you!
* * * LOW HITPOINT WARNING * * *
The goblin unwields an uncursed hunting sling.
The goblin hits you.
* * * LOW HITPOINT WARNING * * *
Grinder gestures.
Grinder blinks!
Dowan gestures wildly while chanting.
Dowan blinks!
Duvessa says, "Beauty is only skin deep, and my weapons penetrate much further than that."
The goblin wields an uncursed hunting sling.
The goblin shoots a stone.
The stone hits you!
You die...
Fedhas appreciates your contribution to the ecosystem.

## #.# #####.#
#.....#####
#.........
#.....#.. .
#..@..#.###.#
#...h.#......
#gghh.........
#..gae..#####
#..gg......#
#.g.gg.)..!#
#..e.g.....#
###(.gg..##.#
#..5..ยง.....#


You could see Grinder, Duvessa, Dowan, a worker ant, Robin, 3 jackals, 4
hobgoblins and 6 goblins.

Vanquished Creatures
  A scorpion (D:4)
  An orc priest (D:3)
  An iguana (D:4)
  3 gnolls (D:4)
  4 adders
  2 worms
  3 giant geckos
  2 oozes
  5 orcs
  7 bats
  2 bat skeletons (D:4)
  2 giant cockroaches (D:2)
  9 hobgoblins
  6 jackals (D:1)
  7 kobolds
  3 ball pythons
  3 giant newts
  11 goblins
  8 rats
80 creatures vanquished.

Vanquished Creatures (others)
  36 toadstools
36 creatures vanquished.

Grand Total: 116 creatures vanquished

Notes
Turn   | Place    | Note
--------------------------------------------------------------
     0 | D:1      | Grim, the Spriggan Enchanter, began the quest for the Orb.
     0 | D:1      | Reached XP level 1. HP: 9/9 MP: 4/4
   846 | D:1      | Reached XP level 2. HP: 13/13 MP: 3/7
  1542 | D:1      | Reached XP level 3. HP: 16/16 MP: 7/9
  1829 | D:2      | Found a blossoming altar of Fedhas.
  1851 | D:2      | Became a worshipper of Fedhas Madash
  2247 | D:2      | Learned a level 3 spell: Confuse
  2795 | D:3      | Reached XP level 4. HP: 19/21 MP: 8/12
  3077 | D:3      | Acquired Fedhas' first power
  4282 | D:3      | Reached XP level 5. HP: 19/24 MP: 12/14
  4672 | D:4      | Reached skill level 5 in Hexes
  4785 | D:4      | Found a deep blue altar of Sif Muna.
  5733 | D:4      | Reached skill level 6 in Hexes
  5733 | D:4      | Reached XP level 6. HP: 28/28 MP: 12/17
  5812 | D:4      | Noticed Robin
  5830 | D:4      | Noticed Dowan
  5830 | D:4      | Noticed Grinder
  5836 | D:4      | Noticed Duvessa
  5852 | D:4      | Shot with a stone by a goblin

Action                   |  1- 3 |  4- 6 || total
-------------------------+-------+-------++-------
Melee: Dagger            |   180 |   165 ||   345
 Cast: Corona            |    42 |    36 ||    78
       Confuse           |     3 |    23 ||    26
  Use: Scroll            |     1 |     8 ||     9
 Stab: Confused          |     3 |    11 ||    14
  Eat: Bread ration      |       |     1 ||     1
